 Seeded DCSS version 0.30-a0-632-g346586fe48 (webtiles) character file.

Game seed: 13946130151040531641 (custom seed)

51 drewk1942 the Covered (level 3, -7/33 HPs)
             Began as a Minotaur Fighter on Jan 13, 2023.
             Mangled by a gnoll
             ... wielding a +0 club
              (8 damage)
             ... on level 2 of the Dungeon.
             The game lasted 00:01:05 (1069 turns).

drewk1942 the Covered (Minotaur Fighter)            Turns: 1069, Time: 00:01:06

Health: -7/33      AC:  7    Str: 22    XL:     3   Next: 57%
Magic:  2/2        EV:  9    Int:  5    God:
Gold:   66         SH:  4    Dex:  9    Spells: 2/2 levels left

rFire   . . .      SeeInvis .    a - +0 war axe
rCold   . . .      Faith    .    c - +0 buckler
rNeg    . . .      Spirit   .    b - +0 scale mail
rPois   .          Reflect  .    (helmet restricted)
rElec   .          Harm     .    (no cloak)
rCorr   .          Rampage  .    (no gloves)
Will    .....                    (no boots) Stlth
                                 (no amulet)
HPRegen 0.25/turn                (no ring)
MPRegen 0.08/turn                (no ring)

@: no status effects
A: horns 2, retaliatory headbutt
a: no special abilities


You were on level 2 of the Dungeon.
You visited 1 branch of the dungeon, and saw 2 of its levels.

You collected 66 gold pieces.

Inventory:

Hand Weapons
 a - a +0 war axe (weapon)
Armour
 b - a +0 scale mail (worn)
 c - a +0 buckler (worn)
Jewellery
 e - a +5 ring of evasion
Scrolls
 f - 4 scrolls of teleportation {unknown}
 g - a scroll of brand weapon {unknown}
 j - a scroll of acquirement {unknown}
 k - a scroll of vulnerability {unknown}
 l - a scroll of immolation {unknown}
Potions
 d - a potion of might
 h - a potion of curing {unknown}
 i - a potion of cancellation {unknown}


   Skills:
 + Level 4.1 Fighting
 * Level 3.9 Axes
 + Level 4.2 Armour
 - Level 3.6 Shields


You had 2 spell levels left.
You didn't know any spells.
Your spell library contained the following spells:

 Spells                   Type           Power      Damage    Failure   Level
 Freeze                   Ice            0%         1d3       87%         1
 Kiss of Death            Conj/Necr      0%         2d5       87%         1
 Confusing Touch          Hex            0%         N/A       99%         3
 Frozen Ramparts          Ice            0%         1d1       99%         3
 Hailstorm                Conj/Ice       0%         3d3       99%         3
 Dispel Undead            Necr           0%         3d6       100%        4


Dungeon Overview and Level Annotations

Branches:
Dungeon (2/15)

Altars:

Shops:
D:1 (


Innate Abilities, Weirdness & Mutations

You have a pair of horns on your head.
You reflexively headbutt those who attack you in melee.


Message History

The gnoll hits you with a +0 whip. You block the gnoll's attack.
You are too injured to fight recklessly!
You are too injured to fight recklessly!
You are too injured to fight recklessly!
You are too injured to fight recklessly!
You are too injured to fight recklessly!
You are too injured to fight recklessly!
You are too injured to fight recklessly!
You are too injured to fight recklessly!
You are too injured to fight recklessly!
You are too injured to fight recklessly!
You are too injured to fight recklessly!
You are too injured to fight recklessly!
You are too injured to fight recklessly!
You are too injured to fight recklessly!
You are too injured to fight recklessly!
You are too injured to fight recklessly!
You are too injured to fight recklessly!
You hit the gnoll. You headbutt the gnoll.
The gnoll is severely wounded.
The gnoll closely misses you. You furiously retaliate!
You headbutt the gnoll.
You kill the gnoll!
The gnoll hits you from afar with a +0 spear.
The gnoll hits you but does no damage. The bat hits you but does no damage.
The gnoll hits you with a +0 spear.
* * * LOW HITPOINT WARNING * * *
You slash the gnoll!
The gnoll is severely wounded.
You closely miss the gnoll. You hit the gnoll. The gnoll misses you.
You furiously retaliate!
You headbutt the gnoll. The gnoll closely misses you.
The gnoll hits you but does no damage.
You slash the gnoll!
The gnoll is almost dead.
You barely miss the gnoll. x2; The gnoll closely misses you.
The gnoll hits you with a +0 spear.
* * * LOW HITPOINT WARNING * * *
The gnoll barely misses you. The gnoll hits you with a +0 spear.
* * * LOW HITPOINT WARNING * * *
The gnoll hits you with a +0 club!
You die...

#.#.#)#.)........#
#.#.#.....####
.......##...#
.....>....##>#
..)#.#.#..#.##.#
####.#.#.......#
###......####
#######.#..#####
......g@...(......
......gg#.....####
.......b#####.#
........# .#
........# #
........#
........#
........#


You could see 3 gnolls and a bat.

Vanquished Creatures
  A gnoll (D:2)
  An adder (D:2)
  2 dart slugs (D:1)
  A bat (D:1)
  6 endoplasms
  A giant cockroach (D:2)
  4 goblins
  3 ball pythons (D:1)
  3 frilled lizards
  4 kobolds
  4 rats
30 creatures vanquished.

Notes
Turn   | Place    | Note
-------+----------+-------------------------------------------
     0 | D:1      | drewk1942 the Minotaur Fighter began the quest for the Orb.
     0 | D:1      | Reached XP level 1. HP: 19/19 MP: 0/0
    45 | D:1      | Found a faded altar of an unknown god.
   410 | D:1      | Reached XP level 2. HP: 27/27 MP: 1/1
   873 | D:1      | Found Satoxzas's Antique Weapon Boutique.
   952 | D:2      | Reached XP level 3. HP: 32/33 MP: 2/2
  1069 | D:2      | HP: 1/33 [gnoll/+0 spear (5)]
  1069 | D:2      | Mangled by a gnoll

Illustrated notes

Levels and vault maps discovered:
D:1:      giann_wishing_wells, layout_loops_corners, serial_shops,
          nicolae_shop_hallway_plus, dreamdust_ecumenical_altar_statues
D:2:      minmay_chambers_of_ones, layout_basic, basic_altar, wad_orctagon

Skill      XL: |  1  2 |
---------------+-------+-----
Axes           | 3 |  3.9
Armour         | 4 |  4.2
Fighting       | 4 |  4.1
Shields        | |  3.6

Action                   || total
-------------------------++-------
Melee: War axe           ||    61
       Headbutt          ||     6
Armor: Scale mail        ||    27
Dodge: Dodged            ||    34
Block: Buckler           ||    15

Table legend: (Time is in decaauts)
 A = Elapsed time spent in this place.
 B = Non-inter-level travel time spent in this place.
 C = Inter-level travel time spent in this place.
 D = Time resting spent in this place.
 E = Time spent auto-exploring this place.
 F = Levels seen in this place.
 G = Mean time per level.
                   A        B        C        D        E       F      G
               +--------+--------+--------+--------+--------+-----+--------+
         Total |   1091 |   1036 |     55 |      0 |    865 |   2 |  545.5 |
       Dungeon |   1091 |   1036 |     55 |      0 |    865 |   2 |  545.5 |
               +--------+--------+--------+--------+--------+-----+--------+

Top non-repeatable levels by time:
     D:1: 961 daAuts
     D:2: 130 daAuts
